Map: Data-C

Players

GungFuBanDa

  • Race: Protoss Protoss
  • Spawn Location: 3:00

Neeb - Winner!

  • Race: Protoss Protoss
  • Spawn Location: 9:00

Event: DreamHack SC2 Masters 2022 Atlanta (Offline)

VOD

Have the link to the VOD?

Description

Time

  • Played on: Nov. 18, 2022, 5:14 p.m.
  • Length: 6:42

All games in this series

Show
View Real Time Build Order
Export as new Build Order

GungFuBanDa Protoss 

Build Orders: Blink Stalkers 

Get SALT Encoding   

  12  0:00  Probe  
  13  0:12  Probe  
  14  0:16  Pylon  
  14  0:24  Probe (Chrono Boost)  
  16  0:36  Gateway, Probe (Chrono Boost)  
  16  0:42  Probe (Chrono Boost)  
  16  0:47  Assimilator  
  17  0:51  Probe  
  18  0:57  Assimilator  
  18  1:03  Probe (Chrono Boost)  
  19  1:07  Gateway  
  19  1:12  Probe (Chrono Boost)  
  19  1:17  Probe (Chrono Boost)  
  20  1:24  Cybernetics Core  
  21  1:29  Probe  
  22  1:36  Pylon  
  22  1:41  Probe  
  23  2:00  Robotics Facility  
  23  2:03  Stalker  
  23  2:07  Stalker  
  27  2:11  Warp Gate  
  27  2:18  Pylon  
  27  2:25  Probe  
  28  2:33  Adept  
  30  2:37  Adept  
  32  2:50  Warp Prism  
  34  3:10  Twilight Council  
  34  3:13  Gateway  
  34  3:19  Shield Battery  
  34  3:26  Observer  
  33  3:39  Gateway  
  31  3:52  Blink (Chrono Boost)  
  31  4:00  Stalker x2  
  36  4:27  Stalker  
  36  4:29  Pylon  
  36  4:49  Stalker  
  36  4:50  Stalker x3  
  44  4:59  Pylon  
  44  5:18  Stalker  
  44  5:19  Stalker  
  44  5:20  Stalker  
  50  5:26  Stalker  
  52  5:41  Pylon  
  50  5:50  Stalker x2  
  46  6:12  Sentry, Stalker  
  46  6:14  Stalker x2  
Show
View Real Time Build Order
Export as new Build Order

Neeb Protoss - Winner!

Build Orders: 1 Gate Expand, Oracle Opening 

Get SALT Encoding   

  12  0:00  Probe  
  13  0:12  Probe  
  14  0:18  Pylon  
  14  0:24  Probe (Chrono Boost)  
  15  0:36  Probe (Chrono Boost)  
  15  0:38  Gateway  
  16  0:45  Probe (Chrono Boost)  
  16  0:47  Assimilator  
  17  0:51  Probe  
  18  1:03  Probe  
  19  1:15  Probe  
  20  1:24  Nexus  
  20  1:34  Cybernetics Core  
  20  1:37  Probe  
  21  1:42  Assimilator  
  21  1:49  Probe  
  21  1:52  Pylon  
  22  2:01  Probe (Chrono Boost)  
  23  2:13  Probe (Chrono Boost)  
  23  2:14  Stargate  
  24  2:18  Probe (Chrono Boost)  
  25  2:23  Stalker  
  25  2:28  Probe  
  28  2:30  Pylon  
  28  2:33  Warp Gate  
  28  2:37  Probe  
  28  2:40  Probe  
  30  2:49  Probe  
  31  2:54  Probe  
  31  2:58  Shield Battery, Oracle (Chrono Boost)  
  32  3:01  Probe  
  36  3:06  Shield Battery  
  36  3:10  Probe  
  37  3:13  Probe  
  37  3:16  Stalker  
  40  3:26  Gateway  
  43  3:41  Pylon  
  43  3:42  Void Ray (Chrono Boost)  
  43  3:47  Probe  
  43  3:48  Probe  
  42  4:00  Probe x2  
  43  4:12  Probe x2  
  43  4:15  Robotics Facility  
  42  4:22  Shield Battery  
  40  4:28  Stalker  
  42  4:33  Probe x2  
  44  4:41  Stalker  
  44  4:45  Probe  
  47  4:49  Pylon  
  47  4:50  Shield Battery  
  47  4:59  Immortal (Chrono Boost)  
  47  5:06  Stalker  
  52  5:14  Stalker  
  52  5:16  Probe x2  
  56  5:27  Pylon x2  
  56  5:29  Immortal (Chrono Boost)  
  56  5:34  Probe  
  56  5:35  Probe  
  58  5:45  Stalker  
  58  5:46  Zealot  
  62  5:50  Cybernetics Core  
  62  5:58  Immortal (Chrono Boost)  
  62  6:03  Probe x2  
  65  6:13  Gateway  
  65  6:17  Gateway  
  63  6:26  Zealot  
  63  6:38  Assimilator x2  
Tags
 
Add a new tag
Caveats
  • Supply blocks, unpowered buildings, or Contaminate may cause inaccurate times.
  • Supply counts are checked every 10 seconds.